[Event "23rd Alekhine FIDE 2019"]
[Site "Voronezh"]
[Date "2019.06.15"]
[Round "4.8"]
[White "Polukhin, Alexander"]
[Black "Beldyugin, Alexey"]
[Result "1/2-1/2"]
[ECO "B01"]
[WhiteElo "1968"]
[BlackElo "2126"]
[Annotator "ChessBase"]
[PlyCount "186"]
[EventDate "2019.06.12"]
[EventType "swiss"]
[EventCountry "RUS"]
[SourceTitle "playchess.com"]
[Source "ChessBase"]
[SourceQuality "1"]
[TimeControl "40/5400+30:1800+30"]

1. e4 d5 2. exd5 Qxd5 3. Nc3 Qd8 4. g3 Nf6 5. Bg2 c6 6. Nf3 Bg4 7. O-O g6 8. Re1 Bg7 9. Qe2 e6 10. d3 O-O 11. Ne4 Nbd7 12. Nxf6+ Nxf6 13. Bg5 h6 14. Bxf6 Qxf6 15. c3 Rfd8 16. d4 Rd6 17. h3 Bxf3 18. Qxf3 Qg5 19. h4 Qb5 20. Rab1 Rad8 21. Bf1 Qd5 22. Qxd5 cxd5 23. f4 Rc8 24. Kf2 Rb6 25. Kf3 Bf6 26. Bd3 a5 27. Kg2 Kg7 28. Rh1 Re8 29. Rhe1 Rh8 30. Rh1 Bd8 31. a4 Rc6 32. Rbe1 Rb6 33. Bb5 g5 34. hxg5 hxg5 35. Rxh8 Kxh8 36. Kf3 Kg7 37. Re2 Bf6 38. Kg4 gxf4 39. gxf4 Kf8 40. Rg2 Rd6 41. Kf3 Rd8 42. Rh2 Ke7 43. Rh1 Bg7 44. Bd3 Kf6 45. Rh7 Rg8 46. Rh1 Bf8 47. Bb5 Bd6 48. Bd3 Ke7 49. Bf1 Rg7 50. Rh4 Kd7 51. Kf2 Kc6 52. Bb5+ Kc7 53. Bd3 Kd7 54. Bf1 Be7 55. Rh1 Bd6 56. Rh4 f6 57. Bd3 Ke7 58. Be2 b6 59. Bf1 e5 60. fxe5 fxe5 61. dxe5 Bxe5 62. Rh5 Rf7+ 63. Kg2 Rg7+ 64. Kh1 Kd6 65. Rh6+ Kc5 66. Rh5 Kd6 67. Rh6+ Kc7 68. Bg2 d4 69. cxd4 Bxd4 70. b3 Be3 71. Rh3 Re7 72. Bd5 Kd6 73. Bc4 Kc5 74. Kg2 Kb4 75. Kf3 Bd4 76. Kf4 Bc3 77. Rd3 Re1 78. Rd5 Ka3 79. Rb5 Bd4 80. Rd5 Be3+ 81. Ke4 Bc5+ 82. Kd3 Kb2 83. Kd2 Bb4+ 84. Kd3 Rc1 85. Rh5 Rc3+ 86. Kd4 Bc5+ 87. Rxc5 bxc5+ 88. Kxc5 Rh3 89. Kb6 Rh5 90. Bb5 Kxb3 91. Kxa5 Rh6 92. Be2 Re6 93. Bc4+ Kxc4 1/2-1/2

[Event "23rd Alekhine FIDE 2019"]
[Site "Voronezh"]
[Date "2019.06.15"]
[Round "4.9"]
[White "Ioffe, Evgeny"]
[Black "Krupin, Victor"]
[Result "1/2-1/2"]
[ECO "C03"]
[WhiteElo "2082"]
[BlackElo "1958"]
[Annotator "NA"]
[PlyCount "214"]
[EventDate "2019.06.12"]
[EventType "swiss"]
[EventCountry "RUS"]
[SourceTitle "playchess.com"]
[Source "ChessBase"]
[SourceQuality "1"]
[TimeControl "40/5400+30:1800+30"]

1. e4 e6 2. d4 d5 3. Nd2 a6 4. c3 c5 5. exd5 exd5 6. Ngf3 Nf6 {[%emt 0:00:14] C08: French Tarrasch: 3...c5 4 exd5 exd5 sidelines} (6... Nc6 7. Bd3 cxd4 8. Nxd4 Nxd4 9. cxd4 Qe7+ 10. Qe2 {½-½ (10) Oratovsky,M (2467)-Roiz,M (2607) Ramat Gan 2018}) 7. Bd3 Bd6 8. O-O O-O 9. dxc5 Bxc5 10. h3 Nc6 11. Nb3 Bb6 $146 ({Predecessor:} 11... Ba7 12. Re1 Bd7 13. Bc2 h6 14. Bf4 Re8 15. Qd3 Re4 16. Qd2 g5 17. Bxg5 hxg5 18. Qxg5+ {1-0 (60) Ibadov,D (2133)-Zhuk,V (2150) Ulan Ude 2015}) 12. Re1 Qd6 13. Be3 Bxe3 14. Rxe3 Bd7 15. Qd2 Rfe8 16. Rd1 g6 17. Rxe8+ Rxe8 18. Qh6 Ne5 19. Nxe5 Rxe5 20. Nd4 Rh5 21. Qe3 Re5 22. Qc1 Kg7 23. Nf3 Re7 24. Qg5 h6 25. Qh4 Qb6 $11 26. Rd2 g5 27. Qd4 Qxd4 28. cxd4 Re8 29. Ne5 Rc8 30. Rc2 Rxc2 31. Bxc2 Be6 32. Kf1 Nd7 33. Nf3 Kf8 34. Ke1 Ke7 35. Kd2 Kd6 36. h4 f6 37. b4 Nb8 38. Kc3 Nc6 39. g3 Bd7 40. Nd2 Ne7 41. Nf1 Bf5 42. hxg5 hxg5 43. Bb3 Be6 44. Bc2 Bf5 45. Bd1 Be6 46. Nd2 Bd7 47. Be2 Bb5 48. Bf3 Ba4 49. Bg4 Bd7 50. Bd1 Bb5 51. a4 Bd7 52. a5 Bb5 53. Nf3 Bd7 54. Nd2 Bb5 55. Bh5 Ba4 56. Nf1 Bd7 57. Ne3 Be6 58. Ng2 Bh3 59. Ne1 Bf5 60. Nf3 Bd7 61. Nd2 Ba4 62. Bf7 Nf5 63. Bg6 Ne7 64. Bh7 Nc8 65. Nf1 Bd7 66. Bc2 Na7 67. Kd2 Nc6 68. Kc3 Na7 69. Ne3 Nc8 70. Bb3 Ne7 71. Bc2 Be6 72. Nd1 Bf5 73. Bb3 Nc8 74. Ne3 Be6 75. Ba4 Ne7 76. b5 Bd7 77. Kb4 axb5 78. Bxb5 Be6 79. Be8 Nc6+ 80. Bxc6 Kxc6 81. Nd1 Bf5 82. Nc3 Bd3 83. Na4 Bf5 84. f4 gxf4 85. gxf4 Bg4 86. Nc5 Bc8 87. Ka4 b6 88. Nb3 bxa5 89. Kxa5 Kd6 90. Nc5 Kc6 91. Nd3 Bf5 92. Nb4+ Kd6 93. Kb6 Bd7 94. Nd3 Bg4 95. Nc5 Bf3 96. Kb7 Bg4 97. Kb6 Bf3 98. Kb5 Be2+ 99. Kb6 Bf3 100. Kb7 Bg4 101. Kb6 Bf3 102. Na6 Ke6 103. Kc5 Kf5 104. Nc7 Kxf4 105. Nxd5+ Bxd5 106. Kxd5 f5 107. Kc6 Ke3 1/2-1/2

[Event "23rd Alekhine FIDE 2019"]
[Site "Voronezh"]
[Date "2019.06.15"]
[Round "4.10"]
[White "Peschansky, Mikhail"]
[Black "Ershova, Sofya"]
[Result "1-0"]
[ECO "A11"]
[WhiteElo "2075"]
[BlackElo "1798"]
[Annotator "NA"]
[PlyCount "101"]
[EventDate "2019.06.12"]
[EventType "swiss"]
[EventCountry "RUS"]
[SourceTitle "playchess.com"]
[Source "ChessBase"]
[SourceQuality "1"]
[TimeControl "40/5400+30:1800+30"]

1. c4 c6 2. Nf3 d5 3. d4 dxc4 4. g3 Nd7 5. Bg2 Ngf6 6. O-O {[%emt 0:03:39] D11: Slav Defence: 3 Nf3 sidelines and 3...Nf6 4 e3 Bg4} g6 7. Qc2 Nb6 8. Nbd2 Bg7 9. e3 $146 ({Predecessor:} 9. Rd1 O-O 10. a4 a5 11. e4 Bg4 12. h3 Bxf3 13. Nxf3 {1-0 (24) Grischuk,A (2752)-Aronian,L (2784) chess.com INT 2016}) 9... Bf5 10. e4 Be6 11. b3 cxb3 12. Nxb3 Bxb3 13. axb3 O-O 14. Bb2 e6 15. Bc3 Qe7 16. Rfe1 Nfd7 17. Ra5 Rfc8 18. Qa2 a6 19. b4 Rab8 20. Bd2 e5 $15 21. dxe5 Nxe5 22. Nxe5 Bxe5 23. Be3 Nd7 24. Rb1 Rd8 25. Qb3 Bc7 26. Bg5 Nf6 27. e5 Bxe5 28. Re1 b5 29. Rxa6 Rd6 30. Ra2 Qe6 31. Qxe6 Rxe6 32. Bh3 Bc3 33. Rc1 Re1+ 34. Rxe1 Bxe1 35. Bxf6 Bxb4 36. Bd7 Bf8 37. Bxc6 b4 38. Ra8 Rxa8 39. Bxa8 Bg7 40. Bxg7 Kxg7 41. Bd5 f5 42. f4 h6 43. Kf2 g5 44. Ke3 Kf6 45. Kd4 h5 46. Kc4 h4 47. Kxb4 Kg6 48. Bf3 Kf6 49. Kc5 hxg3 50. hxg3 gxf4 51. gxf4 1-0

[Event "23rd Alekhine FIDE 2019"]
[Site "Voronezh"]
[Date "2019.06.15"]
[Round "4.11"]
[White "Kulpin, Dmitriy"]
[Black "Yakimenko, Alexander A."]
[Result "0-1"]
[ECO "E15"]
[WhiteElo "1950"]
[BlackElo "2072"]
[Annotator "NA"]
[PlyCount "64"]
[EventDate "2019.06.12"]
[EventType "swiss"]
[EventCountry "RUS"]
[SourceTitle "playchess.com"]
[Source "ChessBase"]
[SourceQuality "1"]
[TimeControl "40/5400+30:1800+30"]

1. d4 e6 2. c4 Nf6 3. Nf3 b6 4. g3 Ba6 5. Qc2 Bb4+ 6. Bd2 Be7 7. Bg2 O-O 8. O-O c6 9. Bf4 Nh5 10. Bc1 d5 11. Nbd2 Nd7 12. Rd1 Rc8 13. Qb3 f5 14. Qe3 Rf6 15. b3 Bd6 $11 16. Qc3 Rf8 17. Ne5 f4 18. Ndf3 fxg3 19. hxg3 Nxe5 20. dxe5 Bc5 21. Be3 Qe7 22. Rac1 g6 23. Bh3 Ng7 24. Bg5 Rxf3 25. Qxf3 Qxg5 26. Qf6 Qxg3+ 27. Bg2 Rf8 28. Rd3 Qxf2+ 29. Qxf2 Rxf2 30. e3 Rxa2 31. Bh3 Nf5 32. Bxf5 gxf5 0-1

[Event "23rd Alekhine FIDE 2019"]
[Site "Voronezh"]
[Date "2019.06.15"]
[Round "4.12"]
[White "Kuznetsov, Sergei"]
[Black "Lekhtonen, Yaroslav"]
[Result "1-0"]
[ECO "D30"]
[WhiteElo "2071"]
[BlackElo "1776"]
[Annotator "NA"]
[PlyCount "43"]
[EventDate "2019.06.12"]
[EventType "swiss"]
[EventCountry "RUS"]
[SourceTitle "playchess.com"]
[Source "ChessBase"]
[SourceQuality "1"]
[TimeControl "40/5400+30:1800+30"]

1. d4 d5 2. c4 e6 3. cxd5 exd5 4. Nc3 c6 5. Qc2 Be7 6. Bf4 Nf6 7. e3 Nbd7 8. h3 b6 9. Bd3 O-O 10. g4 g6 11. Nf3 Bb7 {[%emt 0:03:40] [#]} (11... c5 $11 {remains equal.}) 12. O-O-O (12. h4 $1 $16) 12... Rc8 13. h4 Nxg4 14. Rdg1 Ndf6 $18 15. h5 Kg7 16. Ne5 Nxe5 17. dxe5 Ne4 18. hxg6 fxg6 19. Nxe4 dxe4 20. Bxe4 Qd5 21. Bxg6 Qc5 22. Rxh7+ 1-0

[Event "23rd Alekhine FIDE 2019"]
[Site "Voronezh"]
[Date "2019.06.15"]
[Round "4.13"]
[White "Bratov, Ademir"]
[Black "Khajrutdinov, Ildar"]
[Result "1-0"]
[ECO "B40"]
[WhiteElo "1725"]
[BlackElo "2063"]
[Annotator "NA"]
[PlyCount "91"]
[EventDate "2019.06.12"]
[EventType "swiss"]
[EventCountry "RUS"]
[SourceTitle "playchess.com"]
[Source "ChessBase"]
[SourceQuality "1"]
[TimeControl "40/5400+30:1800+30"]

1. e4 c5 2. Nf3 e6 3. c3 Nf6 4. e5 Nd5 5. d4 cxd4 6. cxd4 b6 7. Bc4 Bb7 8. O-O Be7 9. Bd2 O-O 10. Nc3 Nxc3 11. Bxc3 d5 12. Bd3 Ba6 13. Rc1 Qd7 14. h3 Rc8 15. a3 Qb7 16. Nh2 Bxd3 17. Qxd3 Qa6 18. Qg3 Nc6 $11 19. Ng4 Qa4 20. Rcd1 Qc2 21. f4 Qg6 22. Qf3 Rd8 23. Ne3 Qe4 24. Qf2 Rac8 25. f5 Bg5 26. Nc2 Qxf5 27. Qxf5 exf5 28. Rxf5 h6 29. Rdf1 Rd7 30. R5f3 Nd8 31. Nb4 Ne6 32. g3 a5 33. Na2 Rc4 34. Rd1 Bd8 35. h4 b5 36. Kf2 Bb6 37. Ke3 Rb7 38. b3 Rc6 39. Kd3 Rbc7 40. Rf2 a4 41. bxa4 bxa4 42. Rb2 Ba7 43. Rb5 Rd7 44. Nb4 Nc7 45. Rb7 Rxc3+ 46. Kxc3 1-0

[Event "23rd Alekhine FIDE 2019"]
[Site "Voronezh"]
[Date "2019.06.15"]
[Round "4.14"]
[White "Bujakevich, Aleksandr"]
[Black "Ryumshin, Vladislav"]
[Result "1/2-1/2"]
[ECO "C53"]
[WhiteElo "2025"]
[BlackElo "1651"]
[Annotator "NA"]
[PlyCount "111"]
[EventDate "2019.06.12"]
[EventType "swiss"]
[EventCountry "RUS"]
[SourceTitle "playchess.com"]
[Source "ChessBase"]
[SourceQuality "1"]
[TimeControl "40/5400+30:1800+30"]

1. e4 e5 2. Nf3 Nc6 3. Bc4 Bc5 4. c3 Nge7 5. d4 exd4 6. cxd4 Bb4+ 7. Nc3 d5 8. exd5 Nxd5 9. O-O Bxc3 10. bxc3 O-O 11. Qc2 h6 {[%emt 0:01:26] C54: Giuoco Piano: 4 c3 Nf6, main lines with 5 d4 and 5 d3} 12. Re1 Be6 {[%emt 0:01:45] [#]} 13. Bb3 $146 (13. Bxh6 $142 $1 Qd7 (13... gxh6 14. Rxe6) 14. Bd2 (14. Ng5 Bf5 $17)) ({Predecessor:} 13. Bd3 Qf6 14. Rb1 Rab8 15. a3 Nf4 16. Bxf4 Qxf4 17. Re4 Qd6 18. Rh4 f5 19. Qc1 {½-½ (76) Mahmutagic,A-Sadikovic,J (2031) Sarajevo 2019}) 13... Qf6 14. Bd2 Bf5 15. Qb2 Nb6 16. Ne5 Nxe5 17. Rxe5 Rfe8 18. Rae1 Rxe5 19. Rxe5 Bd3 20. Re3 Bc4 $14 21. Qc2 Qc6 22. Qe4 Bd5 23. Qg4 Re8 24. Rxe8+ Qxe8 25. h3 Qe6 26. Qxe6 fxe6 27. Bf4 Bxb3 28. axb3 Nd5 29. Bd2 b5 30. Kf1 c6 31. Ke2 Kf7 32. Kd3 Kf6 33. c4 Nb6 34. Bf4 Kf5 35. Be5 g5 36. g4+ Kg6 37. Bc7 Kf7 38. Kc3 bxc4 39. bxc4 Ke7 40. f4 Nd7 41. Kd3 Nf6 42. Ke3 Kd7 43. Ba5 Ke7 44. Kf3 Kf7 45. Be1 Nd7 46. h4 gxh4 47. Bxh4 a5 48. Ke3 a4 49. Kd3 a3 50. Kc3 Nb6 51. c5 Nd5+ 52. Kb3 Nxf4 53. Kxa3 Ne2 54. Bf2 Kg6 55. Be3 h5 56. gxh5+ 1/2-1/2

[Event "23rd Alekhine FIDE 2019"]
[Site "Voronezh"]
[Date "2019.06.16"]
[Round "5.1"]
[White "Vasiljev, Ilya"]
[Black "Tatarintsev, Egor"]
[Result "*"]
[ECO "B40"]
[WhiteElo "1762"]
[BlackElo "2001"]
[Annotator "NA RC"]
[PlyCount "50"]
[EventDate "2019.06.12"]
[EventType "swiss"]
[EventCountry "RUS"]
[SourceTitle "playchess.com"]
[Source "ChessBase"]
[SourceQuality "1"]
[TimeControl "40/5400+30:1800+30"]

1. e4 c5 2. Nf3 e6 3. d4 cxd4 4. Nxd4 Nf6 5. Nc3 Nc6 6. Nxc6 bxc6 7. e5 Nd5 8. Nxd5 cxd5 9. Bd3 Ba6 10. O-O Bxd3 11. cxd3 d6 12. Bf4 Be7 13. Qg4 g5 14. exd6 Bf6 15. Bd2 h5 16. Qa4+ Qd7 17. Qa6 Rb8 18. Rac1 Rb6 19. Qc8+ Qxc8 20. Rxc8+ Kd7 21. Rc7+ Kxd6 22. Rxf7 Bxb2 23. Bxg5 Ra6 24. Re1 Rc8 25. h4 Kc5 *

[Event "23rd Alekhine FIDE 2019"]
[Site "Voronezh"]
[Date "2019.06.16"]
[Round "5.4"]
[White "Yakimenko, Alexander A."]
[Black "Ashutosh, Kumar"]
[Result "0-1"]
[ECO "B23"]
[WhiteElo "2072"]
[BlackElo "1852"]
[Annotator "NA RC"]
[PlyCount "48"]
[EventDate "2019.06.12"]
[EventType "swiss"]
[EventCountry "RUS"]
[SourceTitle "playchess.com"]
[Source "ChessBase"]
[SourceQuality "1"]
[TimeControl "40/5400+30:1800+30"]

1. e4 c5 2. Nc3 Nc6 3. f4 g6 4. Nf3 Bg7 5. Bc4 e6 6. O-O Nge7 7. d3 d5 8. Bb5 O-O 9. Kh1 Nd4 10. Nxd4 cxd4 11. Ne2 Qa5 12. c4 dxc3 13. Nxc3 Bxc3 14. bxc3 Qxb5 15. Ba3 Re8 16. g4 Qc6 17. Qe2 dxe4 18. dxe4 b6 19. Rae1 Bb7 20. h3 f5 21. Kh2 fxe4 22. Rf2 Rad8 23. c4 Rd3 24. Bb2 e3 0-1

[Event "23rd Alekhine FIDE 2019"]
[Site "Voronezh"]
[Date "2019.06.16"]
[Round "5.5"]
[White "Stepochkin, Fedor"]
[Black "Kuznetsov, Sergei"]
[Result "1-0"]
[ECO "C15"]
[WhiteElo "1929"]
[BlackElo "2071"]
[Annotator "NA RC"]
[PlyCount "119"]
[EventDate "2019.06.12"]
[EventType "swiss"]
[EventCountry "RUS"]
[SourceTitle "playchess.com"]
[Source "ChessBase"]
[SourceQuality "1"]
[TimeControl "40/5400+30:1800+30"]

1. e4 e6 2. d4 d5 3. Nc3 Bb4 4. Nge2 dxe4 5. a3 Bxc3+ 6. Nxc3 f5 7. f3 exf3 8. Qxf3 Nf6 9. Bf4 O-O 10. O-O-O c6 11. Bc4 {[%emt 0:09:59] C15: French: 3 Nc3 Bb4: Unusual White 4th moves} Nd5 12. Rhe1 b5 (12... a5 13. Bxd5 cxd5 14. Nb5 Na6 15. Bd6 Rf6 16. Bf4 Bd7 17. Nd6 Bc6 18. h4 Qe7 {1-0 (33) Das,A (2457)-Nikolic,P (2601) Leiden 2015}) 13. Bb3 Na6 14. Nxd5 $146 ({Predecessor:} 14. Be5 b4 15. axb4 Naxb4 16. Kb1 Rf7 {1-0 (37) Kuehn,P (2235)-Van Son,L Germany 1995}) 14... cxd5 15. g4 Bd7 16. gxf5 Rxf5 17. Qg3 Qf6 18. Be3 Rc8 19. c3 Be8 20. Bc2 Rf3 21. Qg2 Bh5 22. Rd2 Rf8 23. Bd3 Nc7 24. Bg5 Qf7 25. Be2 Rf5 26. Bd3 Bg6 27. Bh4 Ne8 28. Kb1 Rf1 29. Bxg6 Qxg6+ 30. Qxg6 Rxe1+ 31. Bxe1 hxg6 32. Re2 Kf7 33. Kc2 Nd6 34. Kb3 Rc8 35. Bg3 Ne4 36. Be5 g5 37. Kb4 $11 a6 38. Ka5 Rc6 39. Rg2 g6 40. a4 bxa4 41. Kxa4 Kg8 42. Kb3 Kh7 43. Kc2 Kh6 44. Rg1 Kh5 45. Rf1 Nd6 46. Rf8 Nc4 47. Bg3 Ne3+ 48. Kd3 Nf5 49. h3 g4 50. h4 g5 51. Be5 gxh4 52. Rh8+ Nh6 53. Bf4 e5 54. dxe5 g3 55. Ke2 Kg4 56. Bxh6 Rg6 57. Kf1 h3 58. Be3 Kf3 59. Bd4 Rg4 60. Rxh3 1-0

[Event "23rd Alekhine FIDE 2019"]
[Site "Voronezh"]
[Date "2019.06.16"]
[Round "5.6"]
[White "Natarov, Ilya"]
[Black "Bratov, Ademir"]
[Result "1-0"]
[ECO "A80"]
[WhiteElo "2045"]
[BlackElo "1725"]
[Annotator "NA RC"]
[PlyCount "115"]
[EventDate "2019.06.12"]
[EventType "swiss"]
[EventCountry "RUS"]
[SourceTitle "playchess.com"]
[Source "ChessBase"]
[SourceQuality "1"]
[TimeControl "40/5400+30:1800+30"]

1. d4 f5 2. Nc3 Nf6 3. Bg5 d5 4. e3 e6 5. Nf3 c5 6. Ne5 Be7 7. Bb5+ Bd7 8. Nxd7 Nbxd7 9. dxc5 O-O 10. c6 bxc6 11. Bxc6 Rb8 12. Bxd7 Qxd7 13. Rb1 Bb4 14. Bxf6 Rxf6 15. O-O Bxc3 16. bxc3 Rxb1 17. Qxb1 Qc7 18. Qb4 Rf8 19. Rb1 Rc8 20. Rb3 a5 21. Qb5 Kf7 22. g3 Qc6 23. Qe2 a4 24. Rb4 Qxc3 25. Rxa4 Qxc2 26. Qh5+ Kg8 27. Ra7 Qb1+ 28. Kg2 Qe4+ 29. Kh3 Rf8 30. a4 Qe5 31. Qg5 h6 32. Qe7 f4 33. exf4 Qf5+ 34. Kg2 Qe4+ 35. f3 Qc2+ 36. Kh3 Qf5+ 37. g4 Qg6 38. Rd7 Rxf4 39. Rd8+ Kh7 40. Kg3 Rf7 41. Qa3 e5 42. Rxd5 Qg5 43. Qd3+ g6 44. Rd7 Qf4+ 45. Kg2 Kg7 46. Rxf7+ Kxf7 47. a5 Qb4 48. a6 Qb2+ 49. Kg3 Qb6 50. Qf1 g5 51. Qa1 Qe3 52. a7 e4 53. Qa2+ Kf6 54. Qf2 Qa3 55. Qd4+ Kf7 56. Qxe4 Qd6+ 57. Kh3 Qa6 58. Qh7+ 1-0

[Event "23rd Alekhine FIDE 2019"]
[Site "Voronezh"]
[Date "2019.06.16"]
[Round "5.7"]
[White "Artemov, Nikita"]
[Black "Denishev, Marat"]
[Result "1-0"]
[ECO "B87"]
[WhiteElo "2028"]
[BlackElo "2196"]
[Annotator "RC"]
[PlyCount "81"]
[EventDate "2019.06.12"]
[EventType "swiss"]
[EventCountry "RUS"]
[SourceTitle "playchess.com"]
[Source "ChessBase"]
[SourceQuality "1"]
[TimeControl "40/5400+30:1800+30"]

1. e4 c5 2. Nf3 d6 3. d4 cxd4 4. Nxd4 Nf6 5. Nc3 a6 6. Bc4 e6 7. Bb3 b5 8. O-O Be7 9. Qf3 Qc7 10. Qg3 O-O 11. Bh6 Ne8 12. Rad1 Bd7 13. Bg5 Bxg5 14. Qxg5 Nc6 15. Nce2 Nf6 16. Ng3 h6 17. Qd2 Rfd8 18. c3 Rac8 19. Qe2 Ne5 20. Nh5 Nxh5 21. Qxh5 Nc4 22. Rd3 Qc5 23. Qe2 Bc6 24. Rg3 Qe5 25. f4 Qf6 26. Bxc4 bxc4 27. e5 Qh4 28. Rg4 Qe7 29. f5 dxe5 30. f6 Qa7 31. Rxg7+ Kf8 32. Rg8+ Kxg8 33. Qg4+ Kf8 34. Qg7+ Ke8 35. Qg8+ Kd7 36. Qxf7+ Kd6 37. Qxa7 exd4 38. Qe7+ Kd5 39. cxd4 Bb5 40. f7 Rf8 41. Re1 1-0

[Event "23rd Alekhine FIDE 2019"]
[Site "Voronezh"]
[Date "2019.06.16"]
[Round "5.13"]
[White "Mezhov, Dmitriy"]
[Black "Manukovsky, Vladimir"]
[Result "1/2-1/2"]
[ECO "B51"]
[WhiteElo "1974"]
[BlackElo "2107"]
[Annotator "RC"]
[PlyCount "150"]
[EventDate "2019.06.12"]
[EventType "swiss"]
[EventCountry "RUS"]
[SourceTitle "playchess.com"]
[Source "ChessBase"]
[SourceQuality "1"]
[TimeControl "40/5400+30:1800+30"]

1. e4 c5 2. Nf3 d6 3. Bb5+ Nd7 4. O-O a6 5. Bxd7+ Bxd7 6. Re1 e6 7. c3 Be7 8. d4 Nf6 9. e5 Nd5 10. c4 Nb6 11. exd6 Bxd6 12. b3 O-O 13. Bb2 Bc6 14. Nbd2 Nd7 15. Ne4 Bxe4 16. Rxe4 Nf6 17. Re1 Rc8 18. Qe2 cxd4 19. Bxd4 Qc7 20. h3 Rfd8 21. Qe3 Bc5 22. Bxc5 Qxc5 23. Qxc5 Rxc5 24. Rad1 Rxd1 25. Rxd1 Kf8 26. Nd2 Ke7 27. Kf1 Rc7 28. Ke2 b5 29. f3 bxc4 30. bxc4 Nd7 31. Kd3 h5 32. Rb1 g5 33. Kd4 f5 34. h4 e5+ 35. Ke3 gxh4 36. Rh1 Nf6 37. Rxh4 Kd6 38. Rh1 Rg7 39. Kf2 Rb7 40. Nb3 Rb4 41. Rd1+ Kc7 42. c5 h4 43. Rd6 Nd7 44. Rxa6 Rc4 45. Rh6 Rc2+ 46. Kg1 Rxa2 47. Rxh4 Rb2 48. Nc1 f4 49. Nd3 Rd2 50. Nxf4 exf4 51. Rxf4 Nxc5 52. Kh2 Kd6 53. Kh3 Ke5 54. Rg4 Ne6 55. g3 Kf5 56. f4 Rd3 57. Rh4 Re3 58. Rh5+ Kg6 59. Kh4 Nd4 60. g4 Nf3+ 61. Kg3 Ne5+ 62. Kh4 Nf3+ 63. Kg3 Ne1+ 64. Kf2 Re4 65. Kg3 Re3+ 66. Kf2 Re4 67. Kg3 Nd3 68. f5+ Kf6 69. Rh6+ Kg7 70. g5 Ne5 71. Re6 Rg4+ 72. Kh3 Rxg5 73. Rxe5 Kf6 74. Ra5 Rxf5 75. Rxf5+ Kxf5 1/2-1/2

[Event "23rd Alekhine FIDE 2019"]
[Site "Voronezh"]
[Date "2019.06.17"]
[Round "6.2"]
[White "Ashutosh, Kumar"]
[Black "Peschansky, Mikhail"]
[Result "1-0"]
[ECO "A10"]
[WhiteElo "1852"]
[BlackElo "2075"]
[Annotator "NA RC"]
[PlyCount "91"]
[EventDate "2019.06.12"]
[EventType "swiss"]
[EventCountry "RUS"]
[SourceTitle "playchess.com"]
[Source "ChessBase"]
[SourceQuality "1"]
[TimeControl "40/5400+30:1800+30"]

1. c4 d6 2. g3 g6 3. Bg2 Bg7 4. Nc3 e5 5. e3 Nf6 6. d4 O-O 7. Nge2 Nbd7 8. O-O Re8 9. Qc2 c6 10. b3 exd4 {[%emt 0:04:55] E61: King's Indian: Early deviations for White, including Smyslov System} (10... Qe7 11. a4 exd4 12. Nxd4 a5 13. Ba3 Nc5 14. Rad1 h5 15. h3 Qc7 16. Ndb5 cxb5 17. Nxb5 Qe7 18. Nxd6 {1-0 (29) Drozdovskij,Y (2616)-Golubev,M (2479) Odessa 2018}) 11. exd4 Nb6 12. Bg5 Bf5 $146 ({Predecessor:} 12... h6 13. Bxf6 Qxf6 14. a4 a5 15. Rfe1 Bf5 16. Qd2 Re7 17. Rac1 Rae8 18. d5 cxd5 19. Bxd5 {½-½ (33) Tremayne,D-Nevin,M England 2000}) 13. Qd2 d5 14. cxd5 Nbxd5 15. Nxd5 cxd5 16. Nf4 Be4 17. f3 Bf5 18. g4 Be6 19. Nxe6 fxe6 20. Rfe1 Qb6 21. Be3 a5 22. Bh3 Nd7 23. g5 Re7 24. Bf2 Nf8 25. Rac1 Rf7 26. Bg4 Qd6 27. Bg3 (27. Kg2 $16) 27... Qb4 28. Rcd1 Rc8 29. Rxe6 Qxd2 30. Rxd2 Nxe6 31. Bxe6 Rc1+ 32. Kg2 Kf8 33. Bd6+ Ke8 34. Re2 Rd7 35. Bxd7+ ({Stronger than} 35. Bxd5+ Kd8 $11) 35... Kxd7 36. Ba3 Rc7 (36... Ra1 $142) 37. Bc5 Kc8 38. Re8+ Kd7 39. Re7+ Kc8 40. Re6 a4 41. bxa4 Rf7 42. Kg3 Kc7 43. a5 Bf8 44. Rf6 Rxf6 45. gxf6 Bd6+ 46. Kg4 $18 1-0

[Event "23rd Alekhine FIDE 2019"]
[Site "Voronezh"]
[Date "2019.06.17"]
[Round "6.3"]
[White "Tatarintsev, Egor"]
[Black "Natarov, Ilya"]
[Result "1-0"]
[ECO "B03"]
[WhiteElo "2001"]
[BlackElo "2045"]
[Annotator "NA RC"]
[PlyCount "54"]
[EventDate "2019.06.12"]
[EventType "swiss"]
[EventCountry "RUS"]
[SourceTitle "playchess.com"]
[Source "ChessBase"]
[SourceQuality "1"]
[TimeControl "40/5400+30:1800+30"]

1. e4 Nf6 2. e5 Nd5 3. c4 Nb6 4. d4 d6 5. exd6 cxd6 6. Nc3 g6 7. Be3 Bg7 8. Rc1 O-O 9. b3 Bf5 10. Be2 {[%emt 0:00:57] B03: Alekhine's Defence: Four Pawns Attack} d5 11. c5 Nc8 12. Bf3 Nc6 (12... e5 $11) (12... e6 13. g4 Be4 14. Nxe4 dxe4 15. Bxe4 Nc6 16. Ne2 N8e7 17. O-O Qd7 {1-0 (34) Corrales Jimenez,F (2559)-Zhao,J (2610) chess.com INT 2019}) 13. Nge2 e5 14. Bxd5 exd4 $146 ({Predecessor:} 14... Nb4 15. Bxb7 Nd3+ 16. Kf1 Rb8 17. Bxc8 Rxc8 {1-0 (51) Kalisky,V (2246)-Gazik,I (2314) Slovakia 2013}) 15. Bxc6 dxc3 16. Qxd8 Rxd8 17. Bxb7 Rb8 18. c6 c2 19. O-O ({White should play} 19. Bf4 $18 Nb6 20. f3 (20. Bxb8 Rxb8 21. Ba6 Bb2 $16)) 19... Rd5 (19... Nd6 $16 {keeps fighting.}) 20. Nf4 Ra5 21. g4 Bxg4 22. Rxc2 Nd6 23. b4 Ra4 24. Nd5 Nxb7 25. Bf4 Nd6 26. c7 $18 ({Weaker is} 26. Bxd6 Rd8 $18) 26... Ra8 27. Bxd6 Bc8 1-0

[Event "23rd Alekhine FIDE 2019"]
[Site "Voronezh"]
[Date "2019.06.17"]
[Round "6.5"]
[White "Kiseleva, Arina"]
[Black "Al-Hajiri, Bader"]
[Result "0-1"]
[ECO "A05"]
[WhiteElo "2049"]
[BlackElo "2121"]
[Annotator "RC"]
[PlyCount "132"]
[EventDate "2019.06.12"]
[EventType "swiss"]
[EventCountry "RUS"]
[SourceTitle "playchess.com"]
[Source "ChessBase"]
[SourceQuality "1"]
[TimeControl "40/5400+30:1800+30"]

1. Nf3 Nf6 2. g3 d5 3. Bg2 g6 4. O-O Bg7 5. c4 c6 6. Qc2 O-O 7. d3 Nbd7 8. cxd5 cxd5 9. Bf4 Ne8 10. Nc3 e5 11. Bg5 f6 12. Bd2 Nb6 13. a4 Be6 14. a5 Nd7 15. a6 b6 16. b4 Rc8 17. Qb3 Nc7 18. d4 e4 19. Ne1 b5 20. Bf4 Nb6 21. Bxc7 Qxc7 22. Nxe4 Qc4 23. Qxc4 Rxc4 24. Nc5 Bg4 25. f3 Bc8 26. e3 Re8 27. Ra3 Rxb4 28. Ned3 Rxe3 29. Kf2 Nc4 30. Ra2 Ra4 31. Rxa4 bxa4 32. f4 Be6 33. Nxe6 Rxd3 34. Bxd5 Rd2+ 35. Ke1 Rc2 36. Nc5+ Kf8 37. Rf3 Nb6 38. Be4 Rc1+ 39. Kd2 Rc4 40. Ne6+ Kf7 41. f5 Bh6+ 42. Ke2 Ke7 43. g4 Bc1 44. Rh3 gxf5 45. gxf5 h6 46. Rg3 a3 47. Bb1 Rb4 48. Ba2 Rb2+ 49. Kd1 Rxa2 50. Kxc1 Nc4 51. Rg7+ Kd6 52. Nc5 Rxh2 53. Nb3 a2 54. Rb7 Rb2 55. Na1 Rxb7 56. axb7 Kc7 57. Kc2 h5 58. Kd3 h4 59. Ke2 a5 60. Kf3 a4 61. Kg4 Nd2 62. Kxh4 Nb3 63. Nc2 Nxd4 64. Na1 Nxf5+ 65. Kh5 Nd4 66. Kg6 Nb3 0-1